[Event "Team 45 45 League T62"]
[Site "Internet Chess Club"]
[Date "2014.09.26"]
[Round "5"]
[White "Warpdrive"]
[Black "Salvatore"]
[Result "1-0"]
[WhiteElo "1626"]
[BlackElo "1635"]
[Opening "Sicilian: accelerated fianchetto, Maróczy bind"]
[ECO "B36"]
[Time "21:16:25"]
[TimeControl "2700+45"]

1. e4 c5 2. Nf3 g6 3. c4 Nc6 4. d4 cxd4 5. Nxd4 Nf6 6. Nc3 d6 7. Be2 Nxd4 8.
Qxd4 Bg7 9. Be3 O-O 10. O-O Ng4 11. Qd2 Nxe3 12. Qxe3 Be6 13. f4 f5 14. exf5
Bxf5 15. g4 Bd7 16. a3 Bc6 17. Bf3 Bxf3 18. Rxf3 Rc8 19. Qe6+ Kh8 20. Re1 Qb6+
21. Kg2 Qxb2+ 22. Re2 Qxa3 23. Ne4 Qa4 24. Ng5 Qe8 25. Nxh7 Qf7 26. Rh3 Qxe6 27.
Nxf8+ Kg8 28. Nxe6 Rxc4 29. Nxg7 Kxg7 30. Rxe7+ Kf6 31. Rxb7 Rxf4 32. Rxa7 Rxg4+
33. Rg3 Rd4 34. Raa3 Rd2+ 35. Kh3 Rd5 36. Rad3 Rh5+ 37. Kg2 Ke5 38. Rxg6 d5 39.
Ra3 d4 40. Ra5+ {Black resigns} 1-0

[Event "Team 45 45 League T62"]
[Site "Internet Chess Club"]
[Date "2014.09.26"]
[Round "5"]
[White "tamtu"]
[Black "DARKwizard1"]
[Result "1-0"]
[WhiteElo "2073"]
[BlackElo "2034"]
[Opening "QGD: exchange, positional line, 6.Qc2"]
[ECO "D36"]
[Time "19:05:45"]
[TimeControl "2700+45"]

1. d4 Nf6 2. c4 e6 3. Nc3 d5 4. cxd5 exd5 5. Bg5 c6 6. Qc2 Be7 7. e3 Nbd7 8. Bd3
O-O 9. Nf3 h6 10. Bf4 Re8 11. h3 Bb4 12. O-O b5 13. a3 Bf8 14. Rfc1 Bb7 15. Ne2
Rc8 16. Ng3 a6 17. b4 a5 18. Nf5 axb4 19. axb4 Bxb4 20. Bd6 c5 21. Bxb5 Ne4 22.
Qb2 g6 23. dxc5 Bc3 24. Rxc3 Nxc3 25. Nxh6+ Kg7 26. Ng4 Re6 27. Bxd7 Qxd7 28.
Qxc3+ f6 29. Qd4 {Black resigns} 1-0

[Event "Team 45 45 League T62"]
[Site "Internet Chess Club"]
[Date "2014.09.26"]
[Round "5"]
[White "chessjav"]
[Black "achessman"]
[Result "0-1"]
[WhiteElo "1885"]
[BlackElo "2005"]
[Opening "Queen's pawn game, Darooha variation "]
[ECO "D11"]
[Time "21:35:16"]
[TimeControl "2700+45"]

1. d4 d5 2. Nf3 Nf6 3. c4 c6 4. Qb3 e6 5. Nc3 dxc4 6. Qxc4 b5 7. Qb3 b4 8. Na4
Nbd7 9. e3 Bd6 10. Bd2 Rb8 11. Rc1 Bb7 12. Bc4 Qe7 13. O-O O-O 14. Ne5 Ne4 15.
Be1 Nxe5 16. dxe5 Bxe5 17. Bxb4 c5 18. Ba5 Qh4 19. h3 Bc6 20. Qc2 Ng5 21. f4
Nxh3+ 22. Kh2 Nxf4+ 23. Kg1 Ne2+ 24. Qxe2 Bh2+ 25. Kh1 Bg3+ 26. Kg1 Qh2# {White
checkmated} 0-1

[Event "Team 45 45 League T62"]
[Site "Internet Chess Club"]
[Date "2014.09.24"]
[Round "5"]
[White "Constrictor"]
[Black "idjit"]
[Result "1-0"]
[WhiteElo "1693"]
[BlackElo "1546"]
[Opening "Bogo-Indian defense"]
[ECO "E11"]
[Time "17:30:23"]
[TimeControl "2700+45"]

1. Nf3 Nf6 2. d4 e6 3. c4 Bb4+ 4. Bd2 Bxd2+ 5. Nbxd2 O-O 6. e4 d5 7. e5 Ne4 8.
c5 Nc6 9. Bd3 Nxd2 10. Qxd2 f6 11. O-O-O fxe5 12. dxe5 Qe7 13. Qc2 h6 14. h4 Nb4
15. Bh7+ Kh8 16. Qg6 Qxc5+ 17. Kb1 Bd7 18. Rc1 Qa5 19. a3 Nc6 20. Rh3 Ne7 21.
Qc2 Rac8 22. Ng5 hxg5 23. hxg5 c5 24. Rch1 Ng8 25. Bxg8+ Kxg8 26. Qg6 {Black
resigns} 1-0

[Event "Team 45 45 League T62"]
[Site "Internet Chess Club"]
[Date "2014.09.26"]
[Round "5"]
[White "CaptK"]
[Black "Frankly"]
[Result "1/2-1/2"]
[WhiteElo "1683"]
[BlackElo "1781"]
[Opening "Neo-Grünfeld defense"]
[ECO "D70"]
[Time "15:05:57"]
[TimeControl "2700+45"]

1. d4 d5 2. Nf3 Nf6 3. c4 g6 4. cxd5 Nxd5 5. e4 Nf6 6. Nc3 Bg7 7. Bc4 O-O 8. O-O
Bg4 9. d5 Nbd7 10. Bf4 Nh5 11. Be3 Ne5 12. Be2 Nxf3+ 13. Bxf3 Bxf3 14. Qxf3 f5
15. Rad1 a6 16. exf5 Rxf5 17. Qe4 Re5 18. Qc4 b5 19. Qb3 Qd6 20. Bd4 Rf5 21. Ne4
Qxd5 22. Bxg7 Qxb3 23. axb3 Nxg7 24. Rd7 Re5 25. f3 Rc8 26. Rc1 Ne8 27. Rc6 Ra8
28. Kf2 Nd6 29. Rcxc7 Nxe4+ 30. fxe4 Rxe4 31. Rxe7 Rxe7 32. Rxe7 Rf8+ 33. Ke3
Rf1 34. Ra7 Rb1 35. Rxa6 Rxb2 36. Rb6 Rxb3+ 37. Kf4 b4 38. Rb7 Rb2 39. Kg3 b3
40. Kh3 Rb1 41. g3 b2 42. Kg4 Kf8 43. Kg5 Rf1 44. Rxb2 Rf5+ 45. Kh4 Rh5+ 46. Kg4
Rf5 47. Rb7 Kg8 48. Ra7 h5+ 49. Kh4 Rc5 50. h3 Re5 51. g4 Rc5 {Game drawn by
mutual agreement} 1/2-1/2

[Event "Team 45 45 League T62"]
[Site "Internet Chess Club"]
[Date "2014.09.30"]
[Round "5"]
[White "GregoryViking"]
[Black "clarinetref"]
[Result "0-1"]
[WhiteElo "1528"]
[BlackElo "1611"]
[Opening "Robatsch (modern) defense"]
[ECO "B06"]
[Time "13:19:10"]
[TimeControl "2700+45"]

1. e4 g6 2. Nf3 d6 3. d4 Bg7 4. Bc4 e6 5. Nc3 Nd7 6. Bg5 Ne7 7. Qd2 h6 8. Be3 a6
9. h4 b5 10. Bb3 Bb7 11. a3 Nf6 12. e5 Ng4 13. O-O-O Nxe3 14. Qxe3 Nf5 15. Qe2
O-O 16. h5 Bxf3 17. Qxf3 g5 18. g4 Nh4 19. Qe4 Qe7 20. Kb1 d5 21. Qe3 b4 22.
axb4 Qxb4 23. Na2 Qb6 24. f4 Ng2 25. Qf2 Nxf4 26. Rhf1 a5 27. Ba4 Rab8 28. b3
Rfc8 29. Rde1 c5 30. dxc5 Rxc5 31. Qd2 Rc4 32. Nc3 Qc5 33. Kb2 d4 34. Nb5 Rxb5
35. Bxb5 Qxb5 36. Ka3 Qc5+ 37. Kb2 Rb4 38. Rxf4 gxf4 39. Qxf4 Qc3+ {White
resigns} 0-1

[Event "Team 45 45 League T62"]
[Site "Internet Chess Club"]
[Date "2014.09.28"]
[Round "5"]
[White "PostMike"]
[Black "BotanicalKnight"]
[Result "0-1"]
[WhiteElo "1455"]
[BlackElo "1512"]
[Opening "Philidor: Hanham variation"]
[ECO "C41"]
[Time "14:01:43"]
[TimeControl "2700+45"]

1. e4 e5 2. Nf3 d6 3. d4 Nd7 4. dxe5 Nxe5 5. Nxe5 dxe5 6. Qxd8+ Kxd8 7. Bc4 f6
8. O-O Bc5 9. Nc3 c6 10. a3 Ne7 11. Rd1+ Kc7 12. Na4 Bd6 13. Be3 b5 14. Bxb5
cxb5 15. Nc5 Bxc5 16. Bxc5 Ng6 17. g3 Bg4 18. Rd3 Rhd8 19. f3 Rxd3 20. cxd3 Bxf3
21. Kf2 Bg4 22. Rc1 Kb7 23. Ke3 Rc8 24. b4 Ne7 25. Rh1 Nc6 26. h3 Be6 27. g4 Nd4
28. Bxd4 exd4+ 29. Kxd4 Kb6 30. Ke3 Rc3 {White resigns} 0-1

[Event "Team 45 45 League T62"]
[Site "Internet Chess Club"]
[Date "2014.09.28"]
[Round "5"]
[White "chesskix"]
[Black "Aquaman"]
[Result "1-0"]
[WhiteElo "1466"]
[BlackElo "1383"]
[Opening "English opening"]
[ECO "A21"]
[Time "15:07:37"]
[TimeControl "2700+45"]

1. c4 e5 2. Nc3 d6 3. g3 Nf6 4. Bg2 c6 5. d3 Be7 6. Nf3 O-O 7. O-O Nbd7 8. Nd2
Qc7 9. Nde4 Rb8 10. a4 Nxe4 11. Nxe4 h6 12. Bd2 f5 13. Nc3 f4 14. Rb1 a5 15. b3
fxg3 16. hxg3 Nf6 17. Ne4 Bf5 18. Nxf6+ Bxf6 19. e4 Bd7 20. Be3 c5 21. Qd2 Kh7
22. f4 b6 23. f5 Qd8 24. Qe2 Be8 25. Bf3 Bg5 26. Bf2 Qf6 27. Kg2 Rh8 28. Rh1 Kg8
29. Rh3 Rb7 30. Rbh1 Kf8 31. Bh5 Bxh5 32. Qxh5 Qf7 33. Qg6 Qf6 34. Rh5 Rf7 35.
Rxg5 Kg8 36. Qxf6 Rxf6 37. Rg6 Kf7 38. Rxf6+ Kxf6 39. Be3 Rh7 40. g4 Kf7 41. g5
Rh8 42. gxh6 gxh6 43. Rxh6 Rxh6 44. Bxh6 Ke7 45. Kg3 Kf7 46. Kg4 Kf6 47. Bf8
{Black resigns} 1-0

[Event "Team 45 45 League T62"]
[Site "Internet Chess Club"]
[Date "2014.09.29"]
[Round "5"]
[White "medsurg"]
[Black "kingsrook"]
[Result "0-1"]
[WhiteElo "1368"]
[BlackElo "1338"]
[Opening "QGD: Tarrasch defense"]
[ECO "D32"]
[Time "17:00:27"]
[TimeControl "2700+45"]

1. d4 d5 2. Nf3 e6 3. c4 c5 4. cxd5 exd5 5. Nc3 Nc6 6. e3 Be7 7. a3 Nf6 8. Bd3
O-O 9. dxc5 Bxc5 10. Nb5 a6 11. Nbd4 Bg4 12. Qc2 Nxd4 13. Nxd4 Rc8 14. Qd2 Bxd4
15. Bxh7+ Kxh7 16. Qxd4 {White resigns} 0-1

[Event "Team 45 45 League T62"]
[Site "Internet Chess Club"]
[Date "2014.09.29"]
[Round "5"]
[White "Mitochondria"]
[Black "browndeer"]
[Result "0-1"]
[WhiteElo "1501"]
[BlackElo "1546"]
[Opening "Grünfeld: modern exchange variation"]
[ECO "D85"]
[Time "21:07:36"]
[TimeControl "2700+45"]

1. d4 Nf6 2. c4 g6 3. Nc3 d5 4. cxd5 Nxd5 5. e4 Nxc3 6. bxc3 Bg7 7. Nf3 c5 8.
Bb5+ Bd7 9. Qa4 cxd4 10. cxd4 O-O 11. Bxd7 Nxd7 12. O-O Nb6 13. Qb4 e6 14. Bg5
Qd7 15. Rfd1 Rac8 16. Rac1 Rxc1 17. Rxc1 Rc8 18. Rxc8+ Qxc8 19. Ne1 Qd7 20. Be3
Bf8 21. Qc3 a6 22. Nf3 Na4 23. Qc2 Nb6 24. d5 Nc8 25. dxe6 Qxe6 26. Nd4 Qd7 27.
f3 Ne7 28. h3 Bg7 29. Nb3 b5 30. Qc1 h5 31. Kf1 Qd3+ 32. Kf2 Qd7 33. Ke2 f6 34.
Qd2 Qc6 35. Qd8+ Kf7 36. Bc5 Qe6 37. Bxe7 Qxe7 38. Qd5+ Qe6 39. Qb7+ Kg8 40. Qd5
Qxd5 41. exd5 Kf8 42. Kd3 Ke7 43. Nc5 a5 44. Nb7 f5 45. h4 a4 46. Ke3 Be5 47.
Kd3 Kd7 48. Ke3 Kc7 49. f4 Bf6 50. Nc5 Kd6 51. Ne6 Kxd5 52. Nf8 Bxh4 53. Nxg6
Bf6 54. Kd3 Kc5 55. Nf8 Kd5 56. Nd7 Bd4 57. Nf8 b4 58. Ng6 b3 59. a3 Bc5 60. Nh4
Ke6 61. Nf3 Bxa3 62. Nd4+ Kf6 63. Nb5 Bc1 64. g3 a3 65. Nc3 a2 {White resigns}
0-1

[Event "Team 45 45 League T62"]
[Site "Internet Chess Club"]
[Date "2014.09.29"]
[Round "5"]
[White "almond123"]
[Black "AlPearson"]
[Result "0-1"]
[WhiteElo "1469"]
[BlackElo "1423"]
[Opening "Caro-Kann: classical variation"]
[ECO "B18"]
[Time "22:08:53"]
[TimeControl "2700+45"]

1. e4 c6 2. d4 d5 3. Nc3 dxe4 4. Nxe4 Bf5 5. Nc3 Nf6 6. Nf3 e6 7. Bc4 Be7 8. O-O
O-O 9. Be3 Nbd7 10. Qd2 Qc7 11. Bf4 Bd6 12. Bxd6 Qxd6 13. Rfe1 Rfd8 14. Rad1 Nb6
15. Bb3 Bg4 16. Qe3 Nbd5 17. Nxd5 Nxd5 18. Bxd5 Qxd5 19. a3 Rd6 20. h3 Bh5 21.
c3 Rad8 22. Rd2 Bxf3 23. Qxf3 Qxf3 24. gxf3 c5 25. Red1 Kf8 26. Kf1 Ke7 27. Ke2
cxd4 28. cxd4 Kf6 29. Rg1 Rxd4 30. Rc2 R4d7 31. Rgc1 g6 32. Ke3 Kg5 33. Rc4 Kf5
34. Rf4+ Ke5 35. Rc5+ Kd6 36. Rc2 Ke5 37. Rc5+ Kd6 38. Rc2 b6 39. Rd2+ Ke5 40.
Re4+ Kf5 41. Rf4+ Ke5 42. Re4+ Kf6 43. Rf4+ Ke7 44. Rxd7+ Rxd7 45. h4 Rd1 46.
Ra4 a5 47. b4 Rd5 48. bxa5 Rxa5 49. Rxa5 bxa5 50. a4 Kd6 51. Kd4 e5+ 52. Kc4 Kc6
53. Kd3 Kc5 54. Kc3 h5 55. Kb3 f6 56. Kc3 g5 57. hxg5 fxg5 58. Kd2 Kd4 59. Ke2
h4 60. Kf1 Kd3 61. Kg2 Ke2 62. Kg1 Kxf3 63. Kf1 h3 64. Kg1 h2+ 65. Kxh2 {White
resigns} 0-1

[Event "Team 45 45 League T62"]
[Site "Internet Chess Club"]
[Date "2014.09.25"]
[Round "5"]
[White "kavinkvels"]
[Black "unclevinny"]
[Result "0-1"]
[WhiteElo "1580"]
[BlackElo "1557"]
[Opening "Scotch gambit: Benima defense"]
[ECO "C44"]
[Time "23:03:51"]
[TimeControl "2700+45"]

1. e4 e5 2. Nf3 Nc6 3. d4 exd4 4. Bc4 Be7 5. O-O d6 6. Nxd4 Nf6 7. Nc3 O-O 8.
Be3 Nxd4 9. Bxd4 c5 10. Be3 a6 11. Be2 b5 12. Bf3 Bb7 13. Nd5 Nxd5 14. exd5 Bf6
15. Rb1 Re8 16. Bf4 Be5 17. Bxe5 Rxe5 18. Re1 Qe7 19. b3 b4 20. c4 bxc3 21. Rxe5
Qxe5 22. Qe1 Re8 23. Kf1 a5 24. Rc1 Ba6+ 25. Be2 Bxe2+ 26. Kg1 Bd3 27. Qxe5 Rxe5
28. g3 Re2 29. Rxc3 Be4 30. Re3 Rxe3 31. fxe3 Bxd5 32. Kf2 f5 33. Ke2 Kf7 34.
Kd2 Kf6 35. Kc3 Ke5 36. Kd3 g5 37. h3 f4 38. exf4+ gxf4 39. gxf4+ Kxf4 40. h4
Kg4 41. h5 Kxh5 42. Kc3 Kg4 43. Kd3 h5 44. Ke3 Kg3 45. Ke2 Kg2 46. Ke3 h4 47.
Kf4 h3 48. Kg5 h2 49. Kf6 h1=Q 50. Ke7 Qh6 51. Kd7 Qe6+ 52. Kc7 {White resigns}
0-1

[Event "Team 45 45 League T62"]
[Site "Internet Chess Club"]
[Date "2014.09.27"]
[Round "5"]
[White "g8wrb"]
[Black "rkaebi"]
[Result "1-0"]
[WhiteElo "1302"]
[BlackElo "1433"]
[Opening "Caro-Kann: classical, 6.h4"]
[ECO "B18"]
[Time "14:10:18"]
[TimeControl "2700+45"]

1. e4 c6 2. d4 d5 3. Nc3 dxe4 4. Nxe4 Bf5 5. Ng3 Bg6 6. h4 h6 7. h5 Bh7 8. Nf3
e6 9. Bd3 Bxd3 10. Qxd3 Nf6 11. Bf4 Nd5 12. Bd2 Bd6 13. Ne4 Nf4 14. Nxd6+ Qxd6
15. Bxf4 Qxf4 16. Rh4 Qf6 17. O-O-O O-O 18. Re1 Nd7 19. Ree4 Rad8 20. Ref4 Qe7
21. Qb3 b6 22. Qe3 Nf6 23. g4 Nd5 24. Qd2 Nxf4 25. Qxf4 Qf6 26. g5 hxg5 27. Nxg5
Qxf4+ 28. Rxf4 Rd5 29. Rg4 Re8 30. c3 f6 31. Ne4 Rf8 32. h6 Kh7 33. hxg7 {Black
resigns} 1-0

[Event "Team 45 45 League T62"]
[Site "Internet Chess Club"]
[Date "2014.09.28"]
[Round "5"]
[White "pcvan"]
[Black "SeniorCitizen"]
[Result "1-0"]
[WhiteElo "1528"]
[BlackElo "1358"]
[Opening "French: Steinitz variation"]
[ECO "C11"]
[Time "12:00:18"]
[TimeControl "2700+45"]

1. e4 e6 2. d4 d5 3. Nc3 Nf6 4. e5 Nfd7 5. Bd3 c5 6. Nf3 Nc6 7. dxc5 Bxc5 8. Bb5
O-O 9. Bf4 a6 10. Bxc6 bxc6 11. h4 Qa5 12. Qd2 Rb8 13. O-O Rxb2 14. Qd3 Qc7 15.
Ne2 Qa7 16. g4 a5 17. Ng5 g6 18. h5 Qb8 19. hxg6 Nxe5 20. Qh3 Kg7 21. Nxh7 Rh8
22. Qh6+ Kg8 23. Nf6# {Black checkmated} 1-0

[Event "Team 45 45 League T62"]
[Site "Internet Chess Club"]
[Date "2014.09.28"]
[Round "5"]
[White "otherook"]
[Black "Greedy-Reedy"]
[Result "1/2-1/2"]
[WhiteElo "1742"]
[BlackElo "1958"]
[Opening "English opening"]
[ECO "A30"]
[Time "11:04:42"]
[TimeControl "2700+45"]

1. Nf3 Nf6 2. c4 c5 3. g3 d5 4. cxd5 Nxd5 5. Bg2 Nc6 6. O-O e5 7. d3 Be7 8. Nc3
Nc7 9. b3 O-O 10. Bb2 Bd7 11. Rc1 f6 12. Ne1 Kh8 13. Nc2 Qc8 14. Ne3 Bh3 15.
Ncd5 Nxd5 16. Nxd5 Bd6 17. Nc3 Bxg2 18. Kxg2 b6 19. f3 a6 20. Ne4 Bc7 21. Bc3
Qd7 22. g4 f5 23. gxf5 Qxf5 24. Qd2 Rac8 25. Qg5 Qe6 26. Rg1 h6 27. Qh5 Qf5 28.
Qxf5 Rxf5 29. Kf2 Rf7 30. Rg6 Nd4 31. Bxd4 exd4 32. Nd6 Bxd6 33. Rxd6 Rb8 34.
Rg1 Re7 35. Rc1 Rbe8 36. Rc2 Re6 37. Rxe6 Rxe6 38. a4 a5 39. Rc1 g5 40. h4 Kg7
41. Rg1 Kf6 42. hxg5+ hxg5 43. Rh1 Ke7 44. Rh7+ Kd6 45. Rb7 Ke5 46. Rg7 Kf6 47.
Rh7 Kg6 48. Rh8 Kg7 49. Rh5 Kg6 50. Rh8 Rf6 51. Kg3 Re6 52. Kf2 Kg7 53. Rh5 Rg6
54. Kg3 Kf7 55. Rh7+ Ke6 56. Kg4 Kf6 57. Rb7 Ke5 58. Re7+ Kf6 {Game drawn by
mutual agreement} 1/2-1/2

[Event "Team 45 45 League T62"]
[Site "Internet Chess Club"]
[Date "2014.09.25"]
[Round "5"]
[White "rubo"]
[Black "caglar"]
[Result "0-1"]
[WhiteElo "1691"]
[BlackElo "1610"]
[Opening "Bird: From gambit"]
[ECO "A02"]
[Time "15:00:35"]
[TimeControl "2700+45"]

1. f4 e5 2. fxe5 d6 3. exd6 Bxd6 4. Nf3 Nf6 5. d4 O-O 6. Bg5 Re8 7. Qd3 Nc6 8.
c3 h6 9. Bxf6 Qxf6 10. Nbd2 Bf5 11. e4 Qg6 12. Nh4 Bxe4 13. Nxe4 Qxe4+ 14. Qxe4
Rxe4+ 15. Kf2 Rxh4 16. g3 Re4 17. Bd3 Re7 18. Rhe1 Rae8 19. Rxe7 Rxe7 20. b4 Nb8
21. b5 c5 22. bxc6 Nxc6 23. a4 a6 24. Rb1 Rc7 25. Rb6 Kf8 26. Ke2 Ke7 27. Kd2 g6
28. Be4 f5 29. Bxc6 Rxc6 30. Rxb7+ Kf6 31. Kd3 f4 32. gxf4 Bxf4 33. h3 Kg5 34.
c4 Kh4 35. c5 Kxh3 36. Ke4 g5 37. Kd5 Rg6 38. c6 g4 39. Ke4 g3 40. Kxf4 Rxc6 41.
Rb3 Kh2 42. d5 Rg6 43. Kf5 g2 44. Rb2 Rg5+ 45. Ke6 Kh1 46. Rb1+ g1=Q 47. Rxg1+
Rxg1 48. d6 Re1+ 49. Kd5 h5 50. d7 h4 51. Kc6 Rd1 52. Kc7 Rxd7+ 53. Kxd7 h3 54.
Kc6 Kg2 55. Kb6 h2 56. Kxa6 h1=Q 57. a5 Qb1 58. Ka7 Qb5 59. a6 Kf3 {White
resigns} 0-1

[Event "Team 45 45 League T62"]
[Site "Internet Chess Club"]
[Date "2014.10.02"]
[Round "5"]
[White "kingphisch"]
[Black "Mitochondria"]
[Result "1-0"]
[WhiteElo "1503"]
[BlackElo "1484"]
[Opening "French: exchange variation"]
[ECO "C01"]
[Time "14:01:36"]
[TimeControl "2700+45"]

1. e4 e6 2. d4 d5 3. exd5 exd5 4. Bd3 Nf6 5. Nc3 Bd6 6. Nf3 O-O 7. O-O Nbd7 8.
Re1 c6 9. Be3 Qb6 10. Rb1 Re8 11. Ne5 Qc7 12. f4 Nf8 13. Qf3 Be6 14. Ne2 Rad8
15. Ng3 Qc8 16. f5 Bd7 17. Rf1 c5 18. c3 Bxe5 19. dxe5 Rxe5 20. Bg5 Qc6 21. Nh5
c4 22. Bc2 Rde8 23. Nxf6+ gxf6 24. Bh6 Ng6 25. fxg6 fxg6 26. Qxf6 Qxf6 27. Rxf6
Re2 28. Rbf1 Bf5 29. Bxf5 Re1 30. Be6+ {Black resigns} 1-0

[Event "Team 45 45 League T62"]
[Site "Internet Chess Club"]
[Date "2014.09.26"]
[Round "5"]
[White "g8wrb"]
[Black "Danny-ONeil"]
[Result "0-1"]
[WhiteElo "1276"]
[BlackElo "1308"]
[Opening "French: Tarrasch, open variation, main line"]
[ECO "C09"]
[Time "10:10:50"]
[TimeControl "2700+45"]

1. e4 e6 2. d4 d5 3. Nd2 c5 4. exd5 exd5 5. Ngf3 Nc6 6. c3 cxd4 7. cxd4 Bd6 8.
Bd3 Nf6 9. O-O O-O 10. Re1 Re8 11. Nb3 Nb4 12. Bb5 Rxe1+ 13. Qxe1 Nc2 14. Qe2
Nxa1 15. Nxa1 Bf5 16. Nb3 Qc7 17. h3 a6 18. Bd3 Re8 19. Qd2 Be4 20. Ng5 Bxd3
{White resigns} 0-1

[Event "Team 45 45 League T62"]
[Site "Internet Chess Club"]
[Date "2014.09.28"]
[Round "5"]
[White "xt"]
[Black "Egmont"]
[Result "1-0"]
[WhiteElo "1691"]
[BlackElo "1709"]
[Opening "French: exchange variation"]
[ECO "C01"]
[Time "12:04:04"]
[TimeControl "2700+45"]

1. e4 e6 2. d4 d5 3. exd5 exd5 4. Nf3 Nc6 5. Nc3 Bb4 6. Bd2 Nge7 7. Be2 Bg4 8.
h3 Bxf3 9. Bxf3 Nxd4 10. O-O Nxf3+ 11. Qxf3 d4 12. Ne4 Bxd2 13. Nxd2 b6 14. Nb3
O-O 15. Rad1 c5 16. c3 Qc7 17. cxd4 c4 18. Nd2 Rad8 19. Qe4 Nd5 20. Nf3 Rfe8 21.
Qc2 h6 22. Qa4 Re2 23. Rc1 Rxb2 24. Rxc4 Qb7 25. Qa3 Re2 26. Qb3 b5 27. Rc5 a6
28. Rfc1 Re6 29. Qc2 Rde8 30. Qf5 Nf6 31. Ne5 Qe4 32. Qxe4 Nxe4 33. Rc7 Nd6 34.
Ra7 f6 35. Nf3 Nc4 36. Rd1 Rd6 37. Nh4 Re4 38. Nf5 Rd5 39. Ne7+ Rxe7 40. Rxe7 a5
41. Rc7 Kh7 42. Rc5 Rxc5 43. dxc5 Ne5 44. Rd6 {Black resigns} 1-0

[Event "Team 45 45 League T62"]
[Site "Internet Chess Club"]
[Date "2014.09.26"]
[Round "5"]
[White "AVEMARIA"]
[Black "SugarIslander"]
[Result "0-1"]
[WhiteElo "1651"]
[BlackElo "1662"]
[Opening "Vienna game"]
[ECO "C26"]
[Time "17:00:52"]
[TimeControl "2700+45"]

1. e4 e5 2. Bc4 Nf6 3. Nc3 c6 4. a4 d5 5. exd5 cxd5 6. Bb3 Be7 7. Nf3 Nc6 8. d3
O-O 9. O-O Bg4 10. h3 Bh5 11. g4 Bg6 12. Bg5 d4 13. Bxf6 Bxf6 14. Nd5 Be7 15.
Nxe7+ Qxe7 16. Re1 Qd6 17. Nd2 Rac8 18. Qf3 Kh8 19. Qg3 f6 20. a5 Qc7 21. Nc4
Bf7 22. Ra4 Bxc4 23. Rxc4 Qxa5 24. f3 Qd8 25. Ra1 Qd6 26. Qf2 b5 27. Rxc6 Qxc6
28. Rxa7 Rc7 29. Bd5 Qxc2 30. Rxc7 Qxc7 31. Qd2 Rc8 {White resigns} 0-1

[Event "Team 45 45 League T62"]
[Site "Internet Chess Club"]
[Date "2014.09.25"]
[Round "5"]
[White "mongmong"]
[Black "Kingofknights"]
[Result "1-0"]
[WhiteElo "1585"]
[BlackElo "1704"]
[Opening "Queen's pawn game"]
[ECO "D04"]
[Time "21:02:01"]
[TimeControl "2700+45"]

1. d4 d5 2. Nf3 Nf6 3. e3 Bg4 4. c4 c6 5. Nc3 e6 6. h3 Bh5 7. Qb3 Qc7 8. Bd2
Bxf3 9. gxf3 Be7 10. Rc1 Nbd7 11. cxd5 Nxd5 12. Nxd5 exd5 13. Qxd5 Qd6 14. Qxd6
Bxd6 15. Bc4 Nb6 16. Bb3 O-O 17. Rg1 Rfe8 18. Kf1 Rad8 19. Bc3 g6 20. h4 Bf8 21.
h5 Bg7 22. hxg6 hxg6 23. f4 Nd5 24. Bxd5 Rxd5 25. Kg2 f5 26. Kf3 Kf7 27. Rg2 Rd6
28. Rh2 Rh8 29. Rxh8 Bxh8 30. Ke2 Bf6 31. f3 g5 32. fxg5 Bxg5 33. Rh1 Bf6 34.
Rh7+ Ke6 35. Rxb7 a6 36. Rb6 Kd5 37. Kd3 Rd7 38. Rxa6 Rg7 39. e4+ fxe4+ 40.
fxe4+ Ke6 41. d5+ {Black resigns} 1-0

[Event "Team 45 45 League T62"]
[Site "Internet Chess Club"]
[Date "2014.09.30"]
[Round "5"]
[White "whiskeytown"]
[Black "craftsman49868"]
[Result "0-1"]
[WhiteElo "1544"]
[BlackElo "1608"]
[Opening "Sicilian defense"]
[ECO "B40"]
[Time "12:03:29"]
[TimeControl "2700+45"]

1. e4 c5 2. Nf3 e6 3. d3 g6 4. g3 Bg7 5. Bg2 Nc6 6. O-O Nge7 7. c3 O-O 8. Be3 b6
9. d4 cxd4 10. cxd4 d5 11. e5 Bb7 12. Nc3 a6 13. Qd2 Nf5 14. Bh3 Nxe3 15. Qxe3
h6 16. Rac1 Rc8 17. a3 Na5 18. Ne2 Nc4 19. Qb3 b5 20. Nf4 Qe7 21. Rfd1 Rc7 22.
Nd3 Rfc8 23. Nc5 Nxe5 24. Nxe5 Bxe5 25. Qe3 Bxd4 26. Qxd4 Rxc5 27. Rxc5 Qxc5 28.
Qf4 Qc2 29. Re1 g5 30. Qf6 Qd2 31. Rf1 g4 32. Bxg4 Rc1 33. Rxc1 Qxc1+ 34. Kg2
d4+ 35. Kh3 Qh1 36. Qd8+ Kh7 37. Qxd4 Bg2+ 38. Kh4 Qxh2+ {White resigns} 0-1

[Event "Team 45 45 League T62"]
[Site "Internet Chess Club"]
[Date "2014.09.27"]
[Round "5"]
[White "lionking819"]
[Black "room-matt"]
[Result "0-1"]
[WhiteElo "1802"]
[BlackElo "1905"]
[Opening "Sicilian: dragon, Yugoslav attack, Rauser variation"]
[ECO "B76"]
[Time "14:20:59"]
[TimeControl "2700+45"]

1. e4 c5 2. Nf3 d6 3. d4 cxd4 4. Nxd4 Nf6 5. Nc3 g6 6. Be3 Bg7 7. f3 Nc6 8. Qd2
O-O 9. O-O-O d5 10. exd5 Nxd5 11. Nxc6 bxc6 12. Bd4 Bxd4 13. Qxd4 Qb6 14. Na4
Qc7 15. Bc4 Nf4 16. g3 Ne6 17. Qe3 Qa5 18. Bb3 Rb8 19. Qc3 Qxc3 20. Nxc3 Rb4 21.
Rhe1 Re8 22. Ne4 Kf8 23. a3 Rd4 24. Bxe6 Rxd1+ 25. Rxd1 Bxe6 26. Ng5 Bd5 27.
Nxh7+ Kg7 28. Ng5 f6 29. Ne4 Rh8 30. h4 f5 31. Ng5 f4 32. gxf4 Rxh4 33. Rd3 Rh1+
34. Kd2 Rh2+ 35. Kc3 Kf6 36. Rd4 e5 37. Ne4+ Kf5 38. fxe5 Kxe5 39. Kd3 Be6 40.
Nd2 Rxd2+ 41. Kxd2 Kxd4 42. c3+ Kc4 {White resigns} 0-1

[Event "Team 45 45 League T62"]
[Site "Internet Chess Club"]
[Date "2014.09.28"]
[Round "5"]
[White "TacoCrafterHD"]
[Black "rayngrant"]
[Result "0-1"]
[WhiteElo "1448"]
[BlackElo "1612"]
[Opening "Ruy Lopez: Marshall, main line, 12.d2d4"]
[ECO "C89"]
[Time "23:26:51"]
[TimeControl "2700+45"]

1. e4 e5 2. Nf3 Nc6 3. Bb5 a6 4. Ba4 Nf6 5. O-O Be7 6. Re1 b5 7. Bb3 O-O 8. c3
d5 9. exd5 Nxd5 10. Nxe5 Nxe5 11. Rxe5 c6 12. d4 Bd6 13. Re1 Qh4 14. h3 Bxh3 15.
gxh3 Qxh3 16. Bxd5 cxd5 17. Qe2 Qh2+ {White resigns} 0-1

[Event "Team 45 45 League T62"]
[Site "Internet Chess Club"]
[Date "2014.09.25"]
[Round "5"]
[White "zugknightly"]
[Black "Heian"]
[Result "1/2-1/2"]
[WhiteElo "1801"]
[BlackElo "1790"]
[Opening "English opening: Agincourt variation"]
[ECO "A13"]
[Time "19:01:18"]
[TimeControl "2700+45"]

1. c4 e6 2. Nf3 d5 3. g3 f5 4. Bg2 c6 5. cxd5 exd5 6. O-O Nf6 7. d3 Be7 8. Nc3
O-O 9. b3 Bb4 10. Bb2 Qe7 11. a3 Bd6 12. e3 Nbd7 13. d4 Ne4 14. Ne2 Ng5 15. Nc3
Ne4 16. Ne2 Ng5 17. Nc3 Ne4 {Game drawn by repetition} 1/2-1/2

[Event "Team 45 45 League T62"]
[Site "Internet Chess Club"]
[Date "2014.09.29"]
[Round "5"]
[White "ElMarginal"]
[Black "Portola"]
[Result "0-1"]
[WhiteElo "1552"]
[BlackElo "1837"]
[Opening "French defense"]
[ECO "C00"]
[Time "19:14:00"]
[TimeControl "2700+45"]

1. e4 e6 2. Nc3 d5 3. exd5 exd5 4. d4 Nf6 5. Nf3 Be7 6. Bd3 Bg4 7. h3 Bh5 8. Bf4
c6 9. Qe2 O-O 10. g4 Bg6 11. O-O-O Nbd7 12. Rdg1 Bxd3 13. Qxd3 c5 14. Ng5 g6 15.
h4 cxd4 16. Qxd4 Bc5 17. Qd2 Nb6 18. h5 Nc4 19. Qe2 Re8 20. Qf3 Rc8 21. hxg6
fxg6 22. Rxh7 Nxh7 23. Nf7 Qd7 24. Nh6+ Kg7 25. Nf5+ gxf5 26. gxf5+ Kh8 27. Bh6
Bf8 28. Bxf8 Rxf8 29. Nxd5 Rxf5 30. Qc3+ Ne5 31. Qh3 Rxf2 32. Qxd7 Nxd7 33. c3
Rcf8 34. Ne3 Nc5 35. a3 Nd3+ 36. Kb1 Rxb2+ 37. Ka1 Re2 38. Nd5 Re1+ {White
resigns} 0-1